 Dungeon Crawl Stone Soup version 0.32-a0-933-ga8fa3634e4 (webtiles) character file.

Game seed: 5291415205415938265

1667556 ragingrage the Marksdemonspawn (level 25, 196/207 HPs)
             Began as a Demonspawn Hexslinger on Apr 13, 2024.
             Was the Champion of Fedhas.
             Escaped with the Orb
             ... and 3 runes on Apr 14, 2024!
             The game lasted 01:13:59 (67757 turns).

ragingrage the Marksdemonspawn (DsHs)              Turns: 67757, Time: 01:14:00

Health: 196/207    AC: 21    Str: 14    XL:     25   Next: 82%
Magic:  36/36      EV: 30    Int: 15    God:    Fedhas [******]
Gold:   4871       SH:  0    Dex: 34    Spells: 14/34 levels left

rFire   + . .        X - +9 longbow (heavy)
rCold   + + .        (shield currently unavailable)
rNeg    + + .        v - +4 ring mail of Sorcery {rC+ Str+4 SInv}
rPois   +            T - +0 helmet of Fangyof {rElec Dex+3}
rElec   +            (cloak unavailable)
rCorr   +            y - +1 pair of gloves of Charity {+Inv rF+ rC+ Str+3}
SInv    +            O - +2 pair of boots
Will    ++++.        o - amulet of regeneration
Stlth   ++++         j - ring of the Filigreed God {rPois rN++ Will+++ rCorr Int-3}
HPRegen 1.34/turn    p - ring of Fuithrisu {Fly Dex+4 Slay+3}
MPRegen 0.25/turn

%: no passive effects
@: flying, wreathed by umbra, studying 2 skills
A: thin skeletal structure 3, demonic guardian 3, foul stench 3, corrupting
presence 2, weakness stinger 3, hooves 1, camouflage 1, clever 1, clumsy 2, weak
1
0: Orb of Zot
}: 3/15 runes: decaying, serpentine, silver
a: Renounce Religion, Evoke Invisibility, Wall of Briars, Grow Ballistomycete,
Overgrow, Grow Oklob


You escaped.
You worshipped Fedhas.
Fedhas was exalted by your worship.
You visited 10 branches of the dungeon, and saw 48 of its levels.
You also visited: Trove, Sewer and Gauntlet.

You collected 7248 gold pieces.
You spent 2377 gold pieces at shops.

Inventory:

Hand Weapons
 Q - the +5 arbalest "Faschepa" {penet, ^Fragile Fly rF++}
   (You took it off a vault guard on level 5 of the Vaults)

   rF++:      It greatly protects you from fire.
   Fly:       It grants you flight.
   ^Fragile:  It will be destroyed if unequipped.
 X - a +9 heavy longbow (weapon)
Missiles
 a - 11 curare-tipped darts
 S - 7 throwing nets
Armour
 v - the +4 ring mail of Sorcery (worn) {rC+ Str+4 SInv}
   (You found it in a sewer)

   Str+4:     It affects your strength (+4).
   rC+:       It protects you from cold.
   SInv:      It lets you see invisible.
 y - the +1 pair of gloves of Charity (worn) {+Inv rF+ rC+ Str+3}
   (You found it in a Gauntlet)

   Str+3:     It affects your strength (+3).
   rF+:       It protects you from fire.
   rC+:       It protects you from cold.
   +Inv:      It lets you turn invisible.
 O - a +2 pair of boots (worn)
 T - the +0 helmet of Fangyof (worn) {rElec Dex+3}
   (You acquired it on level 10 of the Dungeon)

   Dex+3:     It affects your dexterity (+3).
   rElec:     It insulates you from electricity.
Jewellery
 j - the ring of the Filigreed God (left hand) {rPois rN++ Will+++ rCorr Int-3}
   (You found it in a Gauntlet)

   [ring of resist corrosion]

   Int-3:     It affects your intelligence (-3).
   rPois:     It protects you from poison.
   rN++:      It greatly protects you from negative energy.
   Will+++:   It greatly increases your willpower.
   rCorr:     It protects you from acid and corrosion.
 o - an amulet of regeneration (around neck)
 p - the ring of Fuithrisu (right hand) {Fly Dex+4 Slay+3}
   (You found it in a Gauntlet)

   [ring of flight]

   Dex+4:     It affects your dexterity (+4).
   Slay+3:    It affects your accuracy & damage with ranged weapons and melee
   (+3).
   Fly:       It grants you flight.
 D - the amulet of Grontol {Spirit MP+9 Int+10 Dex-4 SInv}
   (You took it off a deep elf death mage on level 3 of the Elven Halls)

   [amulet of guardian spirit]

   Spirit:    It causes incoming damage to be divided between your reserves of
   health and magic.
   Int+10:    It affects your intelligence (+10).
   Dex-4:     It affects your dexterity (-4).
   MP+9:      It affects your magic capacity (+9).
   SInv:      It lets you see invisible.
Wands
 g - a wand of digging (12)
 i - a wand of iceblast (66)
 t - a wand of light (26)
 u - a wand of paralysis (25)
 B - a wand of flame (68)
 G - a wand of polymorph (12)
 K - a wand of mindburst (15)
Scrolls
 e - 8 scrolls of poison
 f - 8 scrolls of immolation
 h - 11 scrolls of teleportation
 k - 4 scrolls of silence
 n - 11 scrolls of blinking
 w - 4 scrolls of butterflies
 x - 2 scrolls of revelation
 A - 11 scrolls of amnesia
 E - 6 scrolls of vulnerability
 F - 10 scrolls of noise
 N - 5 scrolls of fog
 R - 2 scrolls of fear
 V - 3 scrolls of enchant armour
Potions
 b - 5 potions of invisibility
 c - 23 potions of curing
 d - 4 potions of berserk rage
 l - 9 potions of brilliance
 m - 15 potions of mutation
 r - 5 potions of resistance
 s - 9 potions of heal wounds
 C - 8 potions of enlightenment
 H - 8 potions of haste
 J - 20 potions of lignification
 M - 11 potions of might
 P - 2 potions of cancellation
 W - 12 potions of attraction
 Y - 3 potions of ambrosia
 Z - 4 potions of magic
Miscellaneous
 q - a phantom mirror
 z - a tin of tremorstones (2/2)
 I - a sack of spiders
 L - a phial of floods
 U - a lightning rod (4/4)


   Skills:
 - Level 19.0 Fighting
 - Level 20.0 Ranged Weapons
 - Level 18.0 Armour
 - Level 18.0 Dodging
 - Level 19.0 Stealth
 - Level 5.0 Spellcasting
 - Level 8.0 Hexes
 - Level 7.0 Necromancy
 - Level 8.0 Translocations
 - Level 0.8 Fire Magic
 - Level 19.0 Invocations
 + Level 16.7 Evocations


You had 14 spell levels left.
You knew the following spells:

 Your Spells              Type           Power      Damage    Failure   Level
a - Fugue of the Fallen   Necr           24%        N/A       4%          3
b - Inner Flame           Hex/Fire       17%        N/A       12%         3
c - Blink                 Tloc           54%        N/A       1%          2
d - Dispersal             Tloc           13%        N/A       82%         6
e - Jinxbite              Hex            54%        N/A       1%          2
f - Dimensional Bullseye  Hex/Tloc       13%        N/A       10%         4

Your spell library contained the following spells:

 Spells                   Type           Power      Damage    Failure   Level
 Apportation              Tloc           54%        N/A       1%          1
 Necrotise                Necr           96%        1d8       1%          1
 Lesser Beckoning         Tloc           54%        N/A       1%          2
 Maxwell's Portable Pile  Tloc           27%        2d(7-21)  2%          3
 Sigil of Binding         Hex            27%        N/A       2%          3
 Teleport Other           Tloc           27%        N/A       2%          3
 Tukima's Dance           Hex            27%        N/A       2%          3
 Vampiric Draining        Necr           24%        2d7       4%          3
 Ensorcelled Hibernation  Hex/Ice        30%        N/A       8%          2
 Momentum Strike          Conj/Tloc      30%        3d8       8%          2
 Cause Fear               Hex            13%        N/A       10%         4
 Passage of Golubria      Tloc           27%        N/A       10%         4
 Volatile Blastmotes      Fire/Tloc      34%        2d12      12%         3
 Anguish                  Hex/Necr       13%        N/A       12%         4
 Dazzling Flash           Conj/Hex       30%        N/A       14%         3
 Animate Dead             Necr           24%        N/A       14%         4
 Cigotuvi's Dreadful Rot  Necr/Alch/Air  20%        N/A       16%         2
 Foxfire                  Conj/Fire      20%        2x1d5     22%         1
 Freeze                   Ice            12%        1d3       26%         1
 Magic Dart               Conj           12%        1d3       26%         1
 Shock                    Conj/Air       12%        1d3       26%         1
 Scorch                   Fire           12%        2d5       26%         2
 Mercury Vapours          Alch/Air       6%         N/A       36%         2
 Searing Ray              Conj           6%         2d4       36%         2
 Curse of Agony           Necr           24%        N/A       36%         5
 Iskenderun's Mystic Bla Conj/Tloc 15%            2d5        (+2d2     43%         4
 Vhi's Electric Charge    Tloc/Air       30%        N/A       43%         4
 Martyr's Knell           Necr/Summ      14%        N/A       52%         4
 Frozen Ramparts          Ice            6%         1d1       58%         3
 Hailstorm                Conj/Ice       3%         3d5       58%         3
 Mephitic Cloud           Conj/Alch/Air  3%         N/A       58%         3
 Ozocubu's Armour         Ice            3%         N/A       58%         3
 Passwall                 Erth           3%         N/A       58%         3
 Summon Ice Beast         Ice/Summ       3%         N/A       58%         3
 Swiftness                Air            3%         N/A       58%         3
 Metabolic Englaciation   Hex/Ice        7%         N/A       80%         5
 Silence                  Hex/Air        7%         N/A       80%         5
 Summon Forest            Summ/Tloc      7%         N/A       80%         5
 Summon Mana Viper        Hex/Summ       15%        N/A       80%         5
 Gell's Gavotte           Tloc           13%        2d(17-25) 82%         6
 Ignite Poison            Fire/Alch      5%         N/A       91%         4
 Death Channel            Necr           12%        N/A       91%         6
 Airstrike                Air            1%         2d(1-17)  94%         4
 Brom's Barrelling Bould  Conj/Erth      3%         2d3       94%         4
 Fulminant Prism          Conj/Alch      1%         3d5       94%         4
 Leda's Liquefaction      Alch/Erth      1%         N/A       94%         4
 Olgreb's Toxic Radiance  Alch           3%         N/A       94%         4
 Petrify                  Alch/Erth      3%         N/A       94%         4
 Fireball                 Conj/Fire      2%         3d4       99%         5
 Alistair's Intoxication  Alch           2%         N/A       100%        5
 Arcjolt                  Conj/Air       1%         1d11      100%        5
 Freezing Cloud           Conj/Ice/Air   1%         6-21      100%        5
 Iskenderun's Battlesphe  Conj           3%         2d6       100%        5
 Lee's Rapid Deconstruct  Erth           1%         3d4*      100%        5
 Bombard                  Conj/Erth      1%         9d1       100%        6
 Conjure Ball Lightning   Conj/Air       1%         3x3d6     100%        6
 Eringya's Noxious Bog    Alch           1%         4d6       100%        6
 Permafrost Eruption      Ice/Erth       1%         2x4d2     100%        6
 Plasma Beam              Fire/Air       2%         2x1d12    100%        6
 Sculpt Simulacrum        Ice/Alch       1%         N/A       100%        6
 Starburst                Conj/Fire      2%         6d3       100%        6
 Summon Cactus Giant      Summ           1%         N/A       100%        6
 Enfeeble                 Hex            13%        N/A       100%        7
 Haunt                    Necr/Summ      7%         N/A       100%        7
 Malign Gateway           Summ/Tloc      7%         N/A       100%        7
 Manifold Assault         Tloc           13%        N/A       100%        7
 Orb of Destruction       Conj           1%         9d5       100%        7
 Ozocubu's Refrigeration  Ice            1%         4d7       100%        7
 Spellforged Servitor     Conj/Summ      1%         N/A       100%        7
 Summon Hydra             Summ           1%         N/A       100%        7
 Borgnjor's Revivificati  Necr           12%        N/A       100%        8
 Discord                  Hex            13%        N/A       100%        8
 Disjunction              Tloc           13%        N/A       100%        8
 Ignition                 Fire           3%         3d4       100%        8
 Infestation              Necr           12%        N/A       100%        8
 Lehudib's Crystal Spear  Conj/Erth      1%         10d2      100%        8
 Maxwell's Capacitive Co  Air            1%         ∞         100%        8
 Summon Horrible Things   Summ           1%         N/A       100%        8
 Death's Door             Necr           12%        N/A       100%        9
 Polar Vortex             Ice            1%         N/A       100%        9


Dungeon Overview and Level Annotations

Branches:
Dungeon (15/15)            Temple (1/1) D:6            Lair (5/5) D:9
  Swamp (4/4) Lair:2        Snake (4/4) Lair:2        Slime (0/5) Lair:4
    Orc (2/2) D:11            Elf (3/3) Orc:2        Vaults (5/5) D:13
  Crypt (0/3) Vaults:3     Depths (4/4) D:15            Zot (5/5) Depths:4
  Sewer (visited)         Gauntlet (visited)

Altars:
Ashenzari
Cheibriados
Dithmenos
Fedhas
Gozag
Hepliaklqana
Kikubaaqudgha
Makhleb
Nemelex Xobeh
Okawaru
Qazlal
Ru
Sif Muna
Trog
Uskayaw
Vehumet
Wu Jian
Xom
Yredelemnul
Beogh

Shops:
D:8 (   Orc:2 ?[(*   Elf:1 ?([   Elf:3 (   Snake:1 ?(:   Snake:4 ?::=
Vaults:2 [   Vaults:3 (   Depths:1 *   Depths:2 *[   Depths:3 [

Portals:
Hell: Depths:1 Depths:2 Depths:3 Depths:4
Abyss: Depths:2 Depths:3
Pandemonium: Depths:2 Depths:3 Depths:4
Ziggurat: Depths:3

Annotations:
D:1 2 runed translucent doors
D:7 Dowan
D:13 exclusion: downstairs
Lair:1 exclusion: downstairs
Lair:2 1 runed translucent door, particleface's ghost, journeyman BaAl
Snake:2 1 runed translucent door, Xewisus's ghost, adept CoBe
Depths:1 3 runed translucent doors, Gumuy's ghost, adept MiHu
Zot:4 exclusion: downstairs


Innate Abilities, Weirdness & Mutations

You have an unnaturally thin skeletal structure. (Dex +6, Stealth+++)
A powerful demonic guardian rushes to your aid.
You frequently emit foul miasma when damaged in melee.
Your presence sometimes corrodes or deforms those you injure.
You have a sharp stinger which inflicts weakening toxins.
You have large cloven feet.
Your skin changes colour to match your surroundings (Stealth+).
Your mind is acute. (Int +4, Str/Dex -1)
You are very clumsy. (Dex -4)
You are weak. (Str -2)


Message History

You kill the Hell Sentinel!
Fedhas accepts your kill.
No target in view!
(D) Dungeon (T) Temple (L) Lair (S) Swamp (P) Snake Pit (M) Slime Pits (O) Orcish Mines (E) Elven Halls (V) Vaults (C) Crypt (U) Depths (H) Hell (Z) Zot
Where to? (Tab/Enter - D:1 @ (x,y), ? - help)
You see here a +0 barding.
There is a stone staircase leading up here.
You fly upwards.
Level annotation: 2 runed translucent doors
There is a stone staircase leading down here.
A seraph, 2 daevas and an angel come into view.
The seraph is wielding a +7 great sword of flaming.
A daeva is wielding a +3 scimitar of holy wrath.
A daeva is wielding a +4 long sword of holy wrath.
The angel is wielding a +1 sacred scourge of holy wrath.
Blink to where?
Press: ? - help, Dir - move target
As you read the scroll of blinking, it crumbles to dust.
The seraph moves out of view.
The daeva moves out of view. x2
The angel moves out of view.
You feel yourself speed up.
You start waiting.
Your extra speed is starting to run out.
There is a staircase leading out of the dungeon here.
You start waiting.
You feel yourself slow down.
You start waiting.
A profane servitor comes into view. It is wielding a +2 whip.
The profane servitor completely misses you. x2
The profane servitor hits you but does no damage.
The profane servitor misses you.
The profane servitor hits you with a +2 whip!
The profane servitor draws strength from your injuries!
The profane servitor misses you.
There is a staircase leading out of the dungeon here.
The profane servitor hits you with a +2 whip.
You emit a cloud of foul miasma!
The profane servitor barely misses you. The profane servitor misses you.
The profane servitor closely misses you.
You have escaped!

################## #.#.#
#......##...#..#.# #.#.#
..#...##.##..##..# #.#.#
.#..#..#.#..#..### #.#.#
.##..#..##.#.##..# #.#.#
)....#..#.#...##.# #.#.#
#..#...##.###.#..###.#.#
....#..#.#.###.A###....###
......##.##..###@###.....#
..##..#.##.#...#.# #####.#
#..#...#.######..# #.#
.#...#..#...#.#### #.#
.#.....#.###.#.### #.#
#....#...#.#.##..# #.#
.#....##.##.##..########>#####
...##...##.#..#..##..........#
########################.###.#


You could see a profane servitor.

Vanquished Creatures
  4 dread liches
  8 orbs of fire
  An ancient lich (Depths:3)
  Boris (twice) (Vaults:4 Depths:4)
  Parghit (Zot:1)
  5 Killer Klowns
  A curse toe (Zot:5)
  Saint Roka (Orc:2)
  8 golden dragons
  Nikola (Depths:2)
  Norris (Vaults:1)
  A bone dragon (Swamp:4)
  Jory (Vaults:4)
  A Brimstone Fiend (Zot:2)
  A Hell Sentinel (D:2)
  3 electric golems
  18 tentacled monstrosities
  Rupert (D:14)
  28 Orb Guardians
  7 liches
  9 quicksilver dragons
  2 deep elf blademasters
  6 sphinxes
  Asterion (Depths:2)
  9 titans
  2 deep elf master archers (Elf:3)
  7 death cobs
  9 shadow dragons
  7 tengu reavers
  21 storm dragons
  Aizul (Snake:1)
  8 draconian monks
  3 nagarajas
  10 fire giants
  5 protean progenitors
  A draconian knight (Zot:1)
  3 draconian shifters
  3 ghost moths
  An iron dragon (Depths:4)
  5 deep elf sorcerers
  5 frost giants
  A balrug (Depths:1)
  A draconian scorcher (Depths:4)
  16 vault wardens
  3 angels (Zot:4)
  An orc warlord (Vaults:1)
  6 deep elf elementalists
  3 ghouls (Swamp:1)
  A draconian stormcaller (Depths:4)
  6 stone giants
  16 ironbound preservers
  9 very ugly things
  A demonspawn blood saint (D:5)
  3 draconian annihilators
  2 vampire knights
  8 black draconians
  4 deep elf death magi (Elf:3)
  9 ironbound thunderhulks
  A demonspawn black sun (D:5)
  13 deep elf demonologists
  14 dire elephants
  4 spark wasps (Depths:4)
  8 purple draconians
  2 eleionomae
  A lorocyproca (Depths:4)
  4 deep elf annihilators
  11 red draconians
  5 green draconians
  6 white draconians
  A war gargoyle (Vaults:5)
  9 yellow draconians
  A minotaur (Gauntlet)
  A bunyip (Swamp:4)
  Snorg (Orc:2)
  2 blizzard demons
  A green death (Depths:4)
  12 ettins
  15 yaktaur captains
  5 deep elf high priests
  37 vault guards
  A rakshasa (Depths:3)
  2 entropy weavers (Vaults:5)
  5 great orbs of eyes
  6 fire dragons
  A salamander tyrant (Snake:4)
  6 hydras
  5 centaur warriors
  9 spriggan air magi
  A merfolk avatar (Lair:5)
  6 alligators
  2 ghost crabs (Swamp:4)
  A hell beast (Depths:2)
  2 catoblepae
  4 ice dragons
  10 ironbound frosthearts
  A death knight (D:14)
  27 dancing weapons
  12 anacondas
  3 boulder beetles
  6 death yaks
  7 deep troll shamans
  2 satyrs (Zot:5)
  5 two-headed ogres
  2 spriggan berserkers (Depths:2)
  2 demonic crawlers (Lair:5)
  2 hell hogs
  5 tengu warriors
  6 vampire magi
  16 deep troll earth magi
  14 naga sharpshooters
  Urug (D:12)
  5 shock serpents
  20 deep elf knights
  A soul eater (D:15)
  17 hell knights
  Amaemon (D:8)
  6 sun demons
  14 naga warriors
  8 spriggans
  10 iron trolls
  3 skysharks
  4 skeletal warriors (D:15)
  A shadow wraith (Vaults:3)
  2 salamander mystics (Depths:4)
  19 deep elf archers
  2 goliath frogs (Swamp:1)
  3 swamp dragons
  58 deep trolls
  A deep troll (shapeshifter) (Vaults:5)
  An orb spider (shapeshifter) (Vaults:5)
  3 glowing orange brains
  9 arcanists
  8 bog bodies
  A sun moth (D:12)
  10 mana vipers
  7 naga ritualists
  2 flayed ghosts
  2 spriggan druids (Swamp:4)
  A spectral hydra (Swamp:4)
  A spectral alligator (Swamp:4)
  6 thermic dynamos
  6 orc knights
  11 lindwurms
  7 phantasmal warriors
  17 ironbound convokers
  4 obsidian bats (Orc:2)
  3 alligator zombies (Swamp:4)
  A harpy (Lair:5)
  28 deep elf pyromancers
  35 deep elf zephyrmancers
  12 necromancers
  A lightning spire (Gauntlet)
  3 manticores
  A wolf spider (Zot:4)
  32 ugly things
  5 cyclopes
  Maurice (D:7)
  24 moths of wrath
  3 will-o-the-wisps
  6 elephants
  A faun (shapeshifter) (Zot:4)
  6 kobold blastminers
  2 orc sorcerers
  16 salamanders
  7 guardian serpents
  3 meliai (D:14)
  11 naga magi
  29 vault sentinels
  A stone giant skeleton (Vaults:2)
  2 smoke demons
  40 black mambas
  4 orange demons
  2 human zombies (Vaults:2)
  4 gargoyles
  3 torpor snails (Lair:2)
  Maggie (Lair:1)
  2 minotaur zombies (Gauntlet)
  Jeremiah (D:6)
  9 rime drakes
  3 swamp worm zombies (Swamp:4)
  11 cane toads
  A kobold demonologist (Orc:1)
  2 unseen horrors
  32 yaktaurs
  A freezing wraith (D:14)
  8 komodo dragons
  A hydra zombie (Swamp:4)
  7 tengu conjurers
  A queen bee (shapeshifter) (D:13)
  A merfolk (shapeshifter) (Elf:3)
  A merfolk (D:14)
  16 tyrant leeches
  2 bloated husks
  12 hornets
  2 polar bears
  6 trolls
  An elf simulacrum (Vaults:2)
  6 dream sheep (Lair:4)
  4 spectral swamp dragons (Swamp:4)
  A tarantella (Vaults:5)
  8 blink frogs
  A glass eye (shapeshifter) (Vaults:5)
  2 raiju (Gauntlet)
  2 snapping turtles (Lair:5)
  6 air elementals
  33 slime creatures
  An ettin skeleton (Vaults:2)
  5 water elementals
  3 wraiths
  A ynoxinul (Depths:4)
  5 shadows
  2 vampires
  Eustachio (D:4)
  2 basilisks (shapeshifter)
  65 yaks
  9 wyverns
  9 basilisks
  6 tyrant leech zombies (Swamp:4)
  A tarantella (shapeshifter) (Vaults:5)
  8 wargs
  11 vampire mosquitoes
  Grum (D:9)
  2 fire bats (Gauntlet)
  2 chaos spawn (Zot:4)
  A steam dragon (D:8)
  2 redbacks (Vaults:5)
  An ogre zombie (Vaults:2)
  20 swamp worms
  47 nagas
  An acid dragon (D:12)
  11 water moccasins
  2 hell hounds (Gauntlet)
  2 swamp drakes
  5 ice beasts
  A sky beast (D:6)
  A black bear (shapeshifter) (Vaults:5)
  6 swamp dragon zombies (Swamp:4)
  3 black bears
  30 orc warriors
  2 laughing skulls (Vaults:3)
  9 ogres
  20 wolves
  A boggart (Vaults:2)
  2 centaurs
  18 kobold brigands
  8 phantoms
  Blork the orc (Orc:1)
  10 bullfrogs
  2 earth elementals
  3 scorpions
  7 gnoll sergeants
  A glowing shapeshifter simulacrum (Vaults:2)
  8 wights (D:8)
  5 howler monkeys
  An electric eel (D:10)
  2 bombardier beetles
  12 hounds
  4 jellies
  27 orc priests
  3 gnoll boudas
  4 iguanas
  25 orc wizards
  3 human simulacra
  10 adders
  32 gnolls
  2 river rats (D:4)
  2 shadow imps
  13 white imps
  11 dart slugs
  2 ribbon worms
  122 orcs
  9 endoplasms
  10 giant cockroaches
  8 goblins
  13 hobgoblins
  5 jackals
  2 quokkas
  12 ball pythons
  3 bats
  17 frilled lizards
  23 kobolds
  4 rats
  2 butterflies (Zot:4)
2116 creatures vanquished.

Vanquished Creatures (collateral kills)
  A deep elf blademaster (Elf:3)
  Gastronok (Lair:2)
  A storm dragon (Depths:4)
  A tengu reaver (Vaults:5)
  A fire giant (Depths:4)
  A draconian scorcher (Zot:3)
  A deep elf sorcerer (Elf:3)
  Louise (Elf:3)
  A frost giant (Vaults:5)
  An ironbound preserver (Vaults:5)
  An angel (Zot:4)
  A formless jellyfish (Vaults:3)
  A stone giant (Vaults:5)
  A green draconian (Zot:2)
  A war gargoyle (Vaults:5)
  A deep elf death mage (Elf:3)
  A white draconian (Zot:3)
  A purple draconian (Zot:3)
  A green death (Gauntlet)
  2 ettins
  A yaktaur captain (Vaults:4)
  2 salamander tyrants (Snake:3)
  3 vault guards (Vaults:5)
  A catoblepas (Lair:2)
  A boulder beetle (Lair:1)
  2 naga sharpshooters (Snake:4)
  2 deep troll shamans
  2 hell knights (Depths:4)
  A spriggan druid (Swamp:1)
  A deep troll (Vaults:1)
  A lightning spire (Gauntlet)
  2 wolf spiders (Zot:4)
  A phantasmal warrior (Vaults:5)
  A salamander (Zot:4)
  A freezing wraith (Vaults:5)
  A tengu conjurer (Depths:4)
  A blink frog (Lair:5)
  A hornet (Swamp:1)
  A spriggan (Swamp:1)
  A hell hound (Gauntlet)
  An orc warrior (D:15)
  An electric eel (D:10)
  A gnoll bouda (D:9)
  An orc wizard (Vaults:5)
  2 gnolls (D:2)
  A white imp (D:11)
  An orc (D:15)
  22 ballistomycete spores
78 creatures vanquished.

Vanquished Creatures (others)
  A red draconian (Zot:5)
  A bog body (Swamp:1)
  A deep elf zephyrmancer (Elf:2)
  4 bloated husks
  A hornet (Swamp:1)
  A spriggan (Swamp:1)
  A jelly (D:7)
  2 ballistomycete spores
  8 foxfires (Lair:2)
20 creatures vanquished.

Grand Total: 2214 creatures vanquished

Notes
Turn   | Place    | Note
-------+----------+-------------------------------------------
     0 | D:1      | ragingrage the Demonspawn Hexslinger began the quest for
                  | the Orb.
     0 | D:1      | Reached XP level 1. HP: 15/15 MP: 2/2
    56 | D:1      | Found a large runed translucent door.
    56 | D:1      | Found a large runed translucent door.
   112 | D:1      | Reached skill level 2 in Ranged Weapons
   119 | D:1      | Gained mutation: A weak demonic guardian rushes to your
                  | aid. [demonic ancestry]
   119 | D:1      | Reached XP level 2. HP: 10/21 MP: 3/3
   169 | D:1      | Learned a level 2 spell: Jinxbite
   522 | D:1      | Reached skill level 1 in Stealth
  1335 | D:2      | Reached XP level 3. HP: 26/26 MP: 1/4
  1664 | D:2      | Found a faded altar of an unknown god.
  1716 | D:2      | Gained mutation: You may rarely emit foul miasma when
                  | damaged in melee. [demonic ancestry]
  1716 | D:2      | Reached XP level 4. HP: 26/32 MP: 2/5
  1874 | D:2      | Reached skill level 3 in Ranged Weapons
  2070 | D:3      | Found a shimmering blue altar of Sif Muna.
  2492 | D:3      | Reached XP level 5. HP: 37/37 MP: 3/6
  2496 | D:3      | Learned a level 3 spell: Inner Flame
  2874 | D:3      | Reached skill level 4 in Ranged Weapons
  2937 | D:3      | Found a broken altar of Ashenzari.
  2940 | D:3      | Found a blossoming altar of Fedhas.
  2941 | D:3      | Found an iron altar of Okawaru.
  2941 | D:3      | Found a sparkling altar of Nemelex Xobeh.
  2945 | D:3      | Became a worshipper of Fedhas Madash
  3233 | D:3      | Identified the +8 ring mail of Responsibility {rElec rPois
                  | Dex-5 Stlth+}
  3700 | D:4      | Gained mutation: You sometimes emit foul miasma when
                  | damaged in melee. [demonic ancestry]
  3700 | D:4      | Reached XP level 6. HP: 43/43 MP: 7/7
  3787 | D:4      | Reached skill level 5 in Ranged Weapons
  3803 | D:4      | Found a glowing drain.
  3875 | D:4      | Reached * piety under Fedhas
  3919 | Sewer    | Entered a sewer
  4113 | Sewer    | Reached ** piety under Fedhas
  4129 | Sewer    | Reached skill level 6 in Ranged Weapons
  4131 | Sewer    | Reached XP level 7. HP: 32/48 MP: 8/8
  4158 | Sewer    | Identified the +4 ring mail of Sorcery {rC+ Str+4 SInv}
  4536 | D:4      | You fall into a shaft and drop 2 floors!
  4538 | D:6      | Noticed Jeremiah
  4582 | D:5      | Entered Level 5 of the Dungeon
  4801 | D:4      | Reached skill level 7 in Ranged Weapons
  5039 | D:5      | Noticed Eustachio
  5050 | D:5      | Reached skill level 1 in Invocations
  5070 | D:4      | Killed Eustachio
  5071 | D:4      | Reached XP level 8. HP: 54/54 MP: 7/10
  5202 | D:5      | Reached skill level 8 in Ranged Weapons
  5371 | D:5      | Reached skill level 5 in Invocations
  5526 | D:5      | Reached *** piety under Fedhas
  5922 | D:6      | Reached skill level 9 in Ranged Weapons
  6009 | D:6      | Found a snail-covered altar of Cheibriados.
  6172 | D:6      | Gained mutation: A demonic guardian rushes to your aid.
                  | [demonic ancestry]
  6172 | D:6      | Reached XP level 9. HP: 57/59 MP: 14/14
  6199 | D:6      | Found a staircase to the Ecumenical Temple.
  6206 | Temple   | Entered the Ecumenical Temple
  6352 | D:6      | Killed Jeremiah
  6352 | D:6      | Reached **** piety under Fedhas
  6519 | D:7      | Noticed Dowan
  6602 | D:7      | Noticed Maurice
  6610 | D:7      | Paralysed by something for 4 turns
  6611 | D:7      | Something stole an amulet of reflection
  6624 | D:7      | Something stole a +1 sling
  6625 | D:7      | Something stole 16 poisoned darts
  6626 | D:7      | Maurice stole 143 gold
  6627 | D:7      | Killed Maurice
  6758 | D:7      | Reached skill level 10 in Ranged Weapons
  7463 | D:8      | Noticed Amaemon
  7464 | D:8      | Reached skill level 11 in Ranged Weapons
  7682 | D:8      | Noticed an orange demon
  7713 | D:8      | Gained mutation: You have a small tail. [demonic ancestry]
  7713 | D:8      | Reached XP level 10. HP: 61/65 MP: 13/16
  7714 | D:8      | Killed an orange demon
  7882 | D:8      | Paralysed by Amaemon for 5 turns
  7909 | D:8      | Killed Amaemon
  7909 | D:8      | Reached ***** piety under Fedhas
  7910 | D:8      | Reached skill level 12 in Ranged Weapons
  7966 | D:8      | Found a shimmering altar of Xom.
  8001 | D:8      | Found a sacrificial altar of Ru.
  8182 | D:8      | Found Zuisumaz's Antique Weapon Emporium.
  8291 | D:9      | Noticed a two-headed ogre
  8297 | D:9      | Killed a two-headed ogre
  8339 | D:9      | Found an opulent altar of Gozag.
  8358 | D:9      | Found a staircase to the Lair.
  8362 | D:9      | Identified the +6 scale mail of Gaesheru {*Corrode Dex+4}
  8629 | D:9      | Reached skill level 13 in Ranged Weapons
  8736 | D:9      | Found a burning altar of Makhleb.
  8737 | D:9      | Noticed an angel
  8737 | D:9      | Noticed a cacodemon
  8860 | D:9      | Noticed Grum
  8864 | D:9      | Killed Grum
  9346 | D:10     | Entered Level 10 of the Dungeon
  9407 | D:10     | Gained mutation: You have a somewhat thin skeletal
                  | structure. (Dex +2, Stealth+) [demonic ancestry]
  9407 | D:10     | Reached XP level 11. HP: 69/70 MP: 17/17
  9411 | D:10     | Identified a scroll of acquirement
  9419 | D:10     | Acquired the +0 helmet of Fangyof {rElec Dex+3}
  9661 | D:10     | Reached skill level 14 in Ranged Weapons
  9993 | D:10     | Found a shadowy altar of Dithmenos.
  9999 | D:10     | Reached skill level 1 in Armour
 10017 | D:10     | Noticed a two-headed ogre
 10021 | D:10     | Killed a two-headed ogre
 10177 | Lair:1   | Entered Level 1 of the Lair of Beasts
 10791 | Lair:1   | Reached ****** piety under Fedhas
 10864 | Lair:1   | Noticed Maggie
 10874 | Lair:1   | Killed Maggie
 10875 | Lair:1   | Reached skill level 5 in Fighting
 11276 | Lair:2   | Noticed a catoblepas
 11311 | Lair:2   | Noticed a boulder beetle
 11355 | Lair:1   | Killed a boulder beetle
 11356 | Lair:1   | Gained mutation: You have a tail ending in a sharp stinger.
                  | [demonic ancestry]
 11356 | Lair:1   | Reached XP level 12. HP: 86/86 MP: 18/18
 11367 | Lair:2   | Noticed Gastronok
 11378 | Lair:2   | Killed Gastronok
 11379 | Lair:2   | Reached skill level 15 in Ranged Weapons
 11379 | Lair:2   | Reached skill level 5 in Armour
 11689 | Lair:2   | Killed a catoblepas
 11790 | Lair:2   | Noticed a catoblepas
 12074 | Lair:2   | Found a staircase to the Snake Pit.
 12578 | Lair:2   | Found a staircase to the Swamp.
 12597 | Lair:2   | Killed a catoblepas
 12695 | Lair:2   | Reached skill level 16 in Ranged Weapons
 12815 | Lair:2   | Found a runed translucent door.
 12815 | Lair:2   | Noticed particleface's ghost (journeyman BaAl)
 13050 | Lair:2   | Reached XP level 13. HP: 90/96 MP: 19/19
 13437 | Lair:3   | Found a transporter.
 13820 | Lair:3   | Found a transporter.
 14749 | Lair:4   | Reached skill level 10 in Armour
 14756 | Lair:4   | Reached skill level 17 in Ranged Weapons
 14803 | Lair:4   | Found a staircase to the Slime Pits.
 15229 | Lair:5   | Entered Level 5 of the Lair of Beasts
 15591 | Lair:5   | Gained mutation: You have a moderately thin skeletal
                  | structure. (Dex +4, Stealth++) [demonic ancestry]
 15591 | Lair:5   | Reached XP level 14. HP: 95/103 MP: 20/20
 15770 | Lair:5   | Paralysed by a hornet for 1 turns
 16058 | Lair:5   | Reached skill level 18 in Ranged Weapons
 16458 | D:11     | Found a staircase to the Orcish Mines.
 17327 | D:12     | Found a gate leading to a gauntlet.
 17343 | Gauntlet | Entered a Gauntlet
 17343 | Gauntlet | Found a transporter.
 17343 | Gauntlet | Found a transporter.
 17355 | Gauntlet | Found a transporter.
 17372 | Gauntlet | Found a transporter.
 17373 | Gauntlet | Found a transporter.
 17373 | Gauntlet | Found a transporter.
 17375 | Gauntlet | Found a transporter.
 17375 | Gauntlet | Found a transporter.
 17389 | Gauntlet | Found a transporter.
 17405 | Gauntlet | Found a transporter.
 17413 | Gauntlet | Found a runed translucent door.
 17415 | Gauntlet | Found a transporter.
 17417 | Gauntlet | Found a runed translucent door.
 17420 | Gauntlet | Found a transporter.
 17462 | Gauntlet | Found a transporter.
 17463 | Gauntlet | Found a runed translucent door.
 17476 | Gauntlet | Found a transporter.
 17521 | Gauntlet | Identified the +2 hat "Capsoufa" {rF- Will+++ Str+5 Int+2}
 17563 | Gauntlet | Identified the ring of the Filigreed God {rPois rN++
                  | Will+++ rCorr Int-3}
 17667 | Gauntlet | Identified the +1 pair of gloves of Charity {+Inv rF+ rC+
                  | Str+3}
 17731 | Gauntlet | Identified the ring of Fuithrisu {Fly Dex+4 Slay+3}
 17800 | D:12     | Noticed Nessos
 17803 | D:12     | Nessos changed into Nessos the sun moth
 17803 | D:12     | Noticed Nessos
 17807 | D:12     | Killed Nessos the sun moth
 17889 | D:12     | Reached skill level 19 in Ranged Weapons
 18192 | D:12     | Noticed Urug
 18196 | D:12     | Killed Urug
 18688 | D:13     | Found a gate to the Vaults.
 18695 | D:13     | Gained mutation: You frequently emit foul miasma when
                  | damaged in melee. [demonic ancestry]
 18695 | D:13     | Reached XP level 15. HP: 97/108 MP: 21/21
 18801 | D:13     | Identified the +2 pair of boots "Xommumma" {*Slow +Inv rF+
                  | Will+}
 19091 | D:14     | Reached skill level 20 in Ranged Weapons
 19187 | D:14     | Reached skill level 1 in Evocations
 19303 | D:14     | Noticed Rupert
 19692 | D:14     | Identified the +7 rapier "Heguuby" {venom, Dex+2 Stlth+}
 20501 | D:14     | Killed Rupert
 20831 | D:15     | Entered Level 15 of the Dungeon
 20899 | D:15     | Found a staircase to the Depths.
 20909 | D:15     | Reached skill level 10 in Invocations
 21250 | D:15     | Found a broken altar of Ashenzari.
 22055 | Swamp:1  | Entered Level 1 of the Swamp
 22058 | Swamp:1  | Noticed a thorn hunter
 22293 | Swamp:1  | Reached skill level 5 in Dodging
 22702 | Swamp:2  | Reached skill level 5 in Evocations
 23480 | Swamp:3  | Gained mutation: You have an unnaturally thin skeletal
                  | structure. (Dex +6, Stealth+++) [demonic ancestry]
 23480 | Swamp:3  | Reached XP level 16. HP: 120/120 MP: 24/24
 23732 | Swamp:4  | Entered Level 4 of the Swamp
 24293 | Swamp:4  | Learned a level 4 spell: Dimensional Bullseye
 25032 | Snake:1  | Entered Level 1 of the Snake Pit
 25290 | Snake:1  | Reached skill level 10 in Fighting
 25568 | Orc:1    | Entered Level 1 of the Orcish Mines
 25662 | Orc:1    | Noticed Blork the orc
 25669 | Orc:1    | Killed Blork the orc
 26105 | Orc:2    | Entered Level 2 of the Orcish Mines
 26117 | Orc:2    | Found a staircase to the Elven Halls.
 26127 | Orc:2    | Found a roughly hewn altar of Beogh.
 26302 | Orc:2    | Found a roughly hewn altar of Beogh.
 26370 | Orc:2    | Found a roughly hewn altar of Beogh.
 26382 | Orc:2    | Found Ilaplehi's General Store.
 26387 | Orc:2    | Bought a scroll of enchant weapon for 90 gold pieces
 26462 | Orc:2    | Noticed Snorg
 26477 | Orc:2    | Killed Snorg
 26655 | Orc:2    | Noticed Saint Roka
 27153 | Orc:2    | Killed Saint Roka
 27179 | Orc:2    | Found Yvowaqe's Antique Armour Boutique.
 27180 | Orc:2    | Found a roughly hewn altar of Beogh.
 27181 | Orc:2    | Found Unacoaj's Antique Weapon Shop.
 27278 | Orc:2    | Found a roughly hewn altar of Beogh.
 27301 | Orc:2    | Found Paoq's Magic Scroll Boutique.
 27309 | Orc:2    | Bought a scroll of fear for 48 gold pieces
 27309 | Orc:2    | Bought a scroll of blinking for 90 gold pieces
 27309 | Orc:2    | Bought a scroll of fear for 48 gold pieces
 27484 | Orc:2    | Found a roughly hewn altar of Beogh.
 27495 | Orc:2    | Found a roughly hewn altar of Beogh.
 27907 | Snake:1  | Identified the serpent talisman of Supple Strength {Fly
                  | Will++ Int-3 Stlth+}
 27907 | Snake:1  | Noticed Aizul
 27992 | Snake:1  | Found Nemupon's Magic Scroll Shoppe.
 27992 | Snake:1  | Found Vipix's Weapon Emporium.
 27996 | Snake:1  | Found Kuen's Book Shoppe.
 28000 | Snake:1  | Bought a scroll of butterflies for 68 gold pieces
 28084 | Snake:1  | Reached XP level 17. HP: 128/128 MP: 27/27
 28099 | Snake:1  | Killed Aizul
 28568 | Snake:2  | Found a runed translucent door.
 28570 | Snake:2  | Found a shimmering altar of Xom.
 28570 | Snake:2  | Noticed Xewisus's ghost (adept CoBe)
 28677 | Snake:2  | Found a basalt altar of Yredelemnul.
 28725 | Snake:2  | Reached skill level 15 in Invocations
 29389 | Snake:3  | Reached skill level 10 in Dodging
 30151 | Snake:3  | Found a shimmering altar of Xom.
 30288 | Snake:4  | Entered Level 4 of the Snake Pit
 30399 | Snake:4  | Identified the +3 ring mail "Qaplucam" {Will+ Str+3}
 30428 | Snake:4  | Found Cuniugipp's Book Boutique.
 30429 | Snake:4  | Found Fouwk's Jewellery Shoppe.
 30430 | Snake:4  | Found Vineri Mugia's Book Boutique.
 30445 | Snake:4  | Bought a manual of Evocations for 1360 gold pieces
 30621 | Snake:4  | Found Ryn Idax's Magic Scroll Shop.
 30629 | Snake:4  | Bought a scroll of blinking for 105 gold pieces
 30637 | Snake:4  | Got the Discursus on Rallying and Orientation
 31108 | Snake:4  | Reached skill level 10 in Evocations
 31177 | Snake:4  | Noticed a quicksilver dragon
 32055 | Swamp:4  | Reached XP level 18. HP: 138/138 MP: 29/29
 32068 | Swamp:4  | Noticed a bone dragon
 32076 | Swamp:4  | Killed a bone dragon
 32094 | Swamp:4  | Got a decaying rune of Zot
 32437 | Elf:1    | Entered Level 1 of the Elven Halls
 32465 | Elf:1    | Found Jaseas's Magic Scroll Shoppe.
 32470 | Elf:1    | Bought a scroll of enchant weapon for 127 gold pieces
 32681 | Elf:1    | Found Azequoph's Antique Armour Shop.
 32835 | Elf:1    | Found a huge runed translucent gate.
 32843 | Elf:1    | Found a huge runed translucent gate.
 32843 | Elf:1    | Found a huge runed translucent gate.
 32845 | Elf:1    | Found a huge runed translucent gate.
 32846 | Elf:1    | Found a huge runed translucent gate.
 32846 | Elf:1    | Found a huge runed translucent gate.
 32846 | Elf:1    | Found a huge runed translucent gate.
 32847 | Elf:1    | Found a huge runed translucent gate.
 32847 | Elf:1    | Found a huge runed translucent gate.
 32847 | Elf:1    | Found a huge runed translucent gate.
 32847 | Elf:1    | Found a huge runed translucent gate.
 32847 | Elf:1    | Found a huge runed translucent gate.
 32847 | Elf:1    | Found a huge runed translucent gate.
 32847 | Elf:1    | Found a huge runed translucent gate.
 32847 | Elf:1    | Found a huge runed translucent gate.
 32847 | Elf:1    | Found a huge runed translucent gate.
 32847 | Elf:1    | Found a huge runed translucent gate.
 32847 | Elf:1    | Found a huge runed translucent gate.
 32848 | Elf:1    | Found a huge runed translucent gate.
 32849 | Elf:1    | Found a huge runed translucent gate.
 32903 | Elf:1    | Identified the ring "Hoxoneam" {Wiz Fly rC+}
 33042 | Elf:1    | Found Tettusod's Weapon Shop.
 34174 | Elf:2    | Found a runed translucent door.
 34207 | Elf:2    | Found a runed translucent door.
 34443 | Elf:2    | Reached skill level 5 in Stealth
 35220 | Elf:3    | Entered Level 3 of the Elven Halls
 35220 | Elf:3    | Found Udikemeu's Antique Weapon Boutique.
 35316 | Elf:3    | Paralysed by an air elemental for 1 turns
 35364 | Elf:3    | Found a shimmering blue altar of Sif Muna.
 35374 | Elf:3    | Gained mutation: Your presence sometimes corrodes those you
                  | injure. [demonic ancestry]
 35374 | Elf:3    | Reached XP level 19. HP: 150/150 MP: 30/30
 35541 | Elf:3    | Noticed Louise
 35554 | Elf:3    | Killed Louise
 36431 | Elf:3    | Reached skill level 1 in Translocations
 36725 | Elf:3    | Identified the +6 mace of the Skies Above {elec, rElec
                  | rPois Will+}
 36735 | Elf:3    | Identified the ring "Rupsues" {rPois MP+9 Int+6}
 37050 | Elf:3    | Identified the amulet of Grontol {Spirit MP+9 Int+10 Dex-4
                  | SInv}
 37113 | Elf:3    | Identified the +6 broad axe of Wowuim {holy, *Rage MP+9
                  | Int+2}
 37124 | Elf:3    | Identified the staff "Hykkese" {+Blink rElec rCorr Int+3
                  | Dex+4 Air}
 37131 | Elf:3    | Identified the +5 shortbow of the Blind Eye {drain, rN++}
 37153 | Elf:3    | Got Faocrum's Papyrus of Composition
 37162 | Elf:3    | Identified the +3 dire flail of Plunder {heavy, rElec
                  | Will++ Dex-2}
 37204 | Elf:3    | Got Fosubb's Vellum of Lethal Bodies
 37491 | Elf:3    | Found a shimmering blue altar of Sif Muna.
 37582 | Elf:3    | Found Udikemeu's Antique Weapon Boutique.
 38175 | Vaults:1 | Entered Level 1 of the Vaults
 38298 | Vaults:1 | Reached skill level 5 in Hexes
 38847 | Vaults:1 | Noticed Norris
 38862 | Vaults:1 | Killed Norris
 39336 | Vaults:1 | Reached XP level 20. HP: 142/161 MP: 31/31
 39652 | Vaults:1 | You are sucked into a shaft and drop 1 floor!
 39669 | Vaults:2 | Reached skill level 15 in Fighting
 41605 | Vaults:2 | Found Poups's Armour Boutique.
 42277 | Vaults:3 | Reached skill level 5 in Translocations
 42547 | Vaults:3 | Reached skill level 15 in Evocations
 42763 | Vaults:3 | Noticed a dread lich
 42769 | Vaults:3 | Killed a dread lich
 43152 | Vaults:3 | Found a staircase to the Crypt.
 43535 | Vaults:3 | Found Isyum's Weapon Shop.
 43564 | Vaults:3 | Reached XP level 21. HP: 85/171 MP: 20/32
 44486 | Vaults:4 | Noticed Jory
 44492 | Vaults:4 | Killed Jory
 44568 | Vaults:4 | Identified the +3 robe "Uxtula" {rN+ Regen+ Int-4}
 44568 | Vaults:4 | Noticed Boris
 44667 | Vaults:4 | Killed Boris
 45386 | Depths:1 | Entered Level 1 of the Depths
 45755 | Depths:1 | Found a runed translucent gate.
 45755 | Depths:1 | Found a runed translucent gate.
 45755 | Depths:1 | Found a runed translucent gate.
 45760 | Depths:1 | Noticed Gumuy's ghost (adept MiHu)
 45763 | Depths:1 | You are sucked into a shaft and drop 1 floor!
 45941 | Depths:2 | Found Kiuhos's Armour Shoppe.
 45943 | Depths:2 | Found Xifaz's Assorted Antiques.
 46008 | Depths:2 | Found the +10 zealot's sword {holy, Zealotry, *Rage rN+
                  | EV+3}
 46008 | Depths:2 | Found a gateway to Hell.
 46094 | Depths:2 | Found a one-way gate leading to the halls of Pandemonium.
 46313 | Depths:2 | Found a one-way gate to the infinite horrors of the Abyss.
 46548 | Depths:1 | Identified the dragon-blood talisman of Varanol {Str+7
                  | Int+2}
 47043 | Depths:1 | Found Zaut Ykhy's Gadget Gallery.
 47049 | Depths:1 | Bought a wand of light (7) for 441 gold pieces
 47062 | Depths:1 | Reached skill level 5 in Spellcasting
 47481 | Depths:2 | Noticed Asterion
 47497 | Depths:2 | Killed Asterion
 47617 | Depths:2 | Found the +6 Majin-Bo {spellvamp, MP+6 Int+6}
 47662 | Depths:2 | Noticed Nikola
 47670 | Depths:2 | Killed Nikola
 48112 | Depths:3 | Found Nankol's Armour Shoppe.
 48125 | Depths:3 | Reached XP level 22. HP: 184/184 MP: 33/33
 48223 | Depths:4 | Entered Level 4 of the Depths
 48568 | Depths:4 | Noticed a golden dragon
 48571 | Depths:4 | Killed a golden dragon
 48770 | Depths:4 | Identified the +2 robe of Bosuq {rCorr Int+4}
 48770 | Depths:4 | Noticed Boris
 48792 | Depths:4 | Killed Boris
 48990 | Depths:4 | Found a portal to a secret trove of treasure.
 49011 | Depths:4 | Found a gate to the Realm of Zot.
 49148 | Depths:4 | Found a radiant altar of Vehumet.
 49680 | Depths:4 | Learned a level 2 spell: Blink
 49687 | Depths:4 | Learned a level 6 spell: Dispersal
 49723 | Depths:4 | You paid a toll of 6 scrolls of fear to enter a treasure
                  | trove
 49724 | Trove    | Entered a treasure trove
 49823 | Trove    | Identified the +3 morningstar "Lefifin" {elec, ^Fragile
                  | rElec Will+ Dex+2}
 49831 | Trove    | Identified the -2 pair of boots "Zawot" {Slay+3}
 49834 | Trove    | Got the Disquisition on Burning
 49839 | Trove    | Got the Textbook on the Winter and Ignition
 49863 | Trove    | Identified the ring "Zyriudol" {Ice rN++ Slay+2}
 49866 | Trove    | Identified the +3 chain mail "Laimi" {rN++}
 50422 | Depths:3 | Reached skill level 15 in Armour
 50422 | Depths:3 | Reached skill level 15 in Dodging
 50592 | Depths:3 | Found a one-way gateway to a ziggurat.
 50937 | Depths:3 | Found a shimmering blue altar of Sif Muna.
 50952 | Depths:3 | Noticed an ancient lich
 50959 | Depths:3 | Killed an ancient lich
 50987 | Depths:3 | Noticed a dread lich
 50993 | Depths:3 | Killed a dread lich
 51164 | Depths:3 | Found the amulet of the Four Winds {rN+ Will+++ Clar}
 51168 | Depths:3 | Identified the +6 scimitar of Prudence {flame, ^Contam
                  | *Slow rElec Will+++}
 51221 | Depths:3 | Got Hovicaby's Teachings on the Mortuary Wind
 51230 | Depths:3 | Got Reaqec's Grimoire of Blinking Kindling
 51232 | Depths:3 | Got Badavimu's Vademecum on Nival Flame
 51575 | D:7      | Learned a level 3 spell: Fugue of the Fallen
 51912 | Vaults:5 | Entered Level 5 of the Vaults
 51962 | Vaults:5 | Reached skill level 1 in Necromancy
 51969 | Vaults:5 | Reached skill level 10 in Stealth
 51999 | Vaults:5 | Gained mutation: You have a sharp stinger which inflicts
                  | weakening toxins. [demonic ancestry]
 51999 | Vaults:5 | Reached XP level 23. HP: 85/192 MP: 19/34
 53001 | Vaults:5 | Upgraded the game from 0.32-a0-931-g5a2cda0630 to
                  | 0.32-a0-933-ga8fa3634e4
 53151 | Vaults:5 | Reached skill level 5 in Necromancy
 53189 | Vaults:5 | Identified the +3 long sword of Circularity {antimagic, rF+
                  | rCorr Int-4}
 53253 | Vaults:5 | Identified the +2 leather armour of Plog {+Blink rC+}
 53800 | Vaults:5 | Identified the amulet of Dyclulol {Reflect SH+5 SInv}
 53814 | Vaults:5 | Identified the +5 arbalest "Faschepa" {penet, ^Fragile Fly
                  | rF++}
 53814 | Vaults:5 | Identified the +3 arbalest of Drought {speed, ^Drain
                  | Will+++ Dex-3 Stlth+}
 53814 | Vaults:5 | Identified the ring of Hiwk {rC+ MP-9 Str+4 Int+2 Dex+4}
 54445 | Vaults:5 | Got a silver rune of Zot
 55837 | Snake:4  | Got a serpentine rune of Zot
 56398 | Zot:1    | Entered Level 1 of the Realm of Zot
 56409 | Zot:1    | Noticed Parghit
 56627 | Zot:1    | Killed Parghit
 57402 | Zot:1    | Gained mutation: A powerful demonic guardian rushes to your
                  | aid. [demonic ancestry]
 57402 | Zot:1    | Reached XP level 24. HP: 198/201 MP: 34/34
 58018 | Zot:1    | Noticed an orb of fire
 58025 | Zot:1    | Gained mutation: You are clumsy. (Dex -2) [an orb of fire]
 58030 | Zot:1    | Killed an orb of fire
 58721 | Zot:2    | Noticed an orb of fire
 58729 | Zot:2    | Killed an orb of fire
 61268 | Zot:4    | Noticed a Killer Klown
 61283 | Zot:4    | Killed a Killer Klown
 61634 | Zot:4    | Noticed a Killer Klown
 61642 | Zot:4    | Killed a Killer Klown
 62186 | Zot:4    | Found a shimmering altar of Xom.
 62186 | Zot:4    | Found a shimmering altar of Xom.
 62186 | Zot:4    | Found a shimmering altar of Xom.
 62562 | Zot:4    | Found a shimmering altar of Xom.
 62563 | Zot:4    | Found a shimmering altar of Xom.
 62582 | Zot:4    | Found a shimmering altar of Xom.
 62584 | Zot:4    | Found a shimmering altar of Xom.
 62619 | Zot:5    | Entered Level 5 of the Realm of Zot
 63008 | Zot:5    | Reached skill level 15 in Stealth
 63015 | Zot:5    | Noticed an orb of fire
 63116 | Zot:4    | Killed an orb of fire
 63229 | Zot:5    | Gained mutation: Your presence sometimes corrodes or
                  | deforms those you injure. [demonic ancestry]
 63229 | Zot:5    | Reached XP level 25. HP: 155/207 MP: 36/36
 64226 | Zot:5    | Noticed an orb of fire
 64230 | Zot:5    | Noticed an orb of fire
 64231 | Zot:5    | Noticed an orb of fire
 64236 | Zot:4    | Gained mutation: You have large cloven feet. [an orb of
                  | fire]
 64238 | Zot:4    | Killed an orb of fire
 64325 | Zot:5    | Noticed an orb of fire
 64331 | Zot:5    | Killed an orb of fire
 64336 | Zot:5    | Noticed a dread lich
 64341 | Zot:5    | Killed a dread lich
 64348 | Zot:5    | Gained mutation: You are weak. (Str -2) [an orb of fire]
 64351 | Zot:5    | Killed an orb of fire
 64631 | Zot:5    | Noticed a Killer Klown
 64636 | Zot:5    | Killed a Killer Klown
 64726 | Zot:5    | Noticed a dread lich
 64733 | Zot:5    | Killed a dread lich
 64771 | Zot:5    | Noticed a Killer Klown
 64781 | Zot:5    | Killed a Killer Klown
 64977 | Zot:5    | Gained mutation: You are very clumsy. (Dex -4) [an orb of
                  | fire]
 64980 | Zot:5    | Killed an orb of fire
 65862 | Zot:5    | Noticed a Killer Klown
 65881 | Zot:5    | Killed a Killer Klown
 66267 | Zot:5    | Noticed an orb of fire
 66626 | Zot:5    | Gained mutation: Your mind is acute. (Int +4, Str/Dex -1)
                  | [an orb of fire]
 66628 | Zot:5    | Gained mutation: Your skin changes colour to match your
                  | surroundings (Stealth+). [an orb of fire]
 66630 | Zot:5    | Killed an orb of fire
 67066 | Zot:5    | Got the Orb of Zot
 67131 | Zot:3    | Noticed Aheogin the pandemonium lord
 67253 | Depths:2 | Noticed Goporuca the pandemonium lord
 67272 | Depths:2 | Noticed Uzamuxur the pandemonium lord
 67408 | D:12     | Noticed Etzot the pandemonium lord
 67688 | D:1      | Noticed a seraph
 67757 | D:$      | Escaped with the Orb!

Illustrated notes

Levels and vault maps discovered:
D:1:      erik_arrival_cave_to_civilisation [erik_arrival_cave_to_temple],
          layout_loops_ring, nicolae_titane
D:2:      layout_loops_ring, shapermc_ecumenical_altar_venn, serial_bayou_ford_a
D:3:      minmay_thinvault, layout_loops_ring, grunt_temple_overflow_open,
          mainiacjoe_overflow_concentric_impassable
D:4:      minmay_diamond_boxcup, layout_gridville, portal_sewer_entry_b,
          nicolae_figureground_pulse
D:5:      layout_basic, chequers_serial_rivers_micro_c, uniq_eustachio
D:6:      layout_basic, mainiacjoe_overflow_chevrons, minmay_temple_entry_wispy,
          nicolae_elevator_lobby_asterisk, uniq_jeremiah
D:7:      layout_loops_ring, kennysheep_little_box, bh_circular_ruins,
          uniq_duvessa, uniq_maurice
D:8:      layout_rooms, xom_butterflies, general_overflow_altar, serial_shops,
          shop, nicolae_elevator_lobby_plus, uniq_amaemon
D:9:      layout_cave_pools, grunt_temple_overflow_order_and_chaos_2,
          amcnicky_altar_gilded, serial_gnoll_camp, gnoll_camp_medium_01,
          gnoll_camp_mini_hut, gnoll_camp_huts_basic, grums_kennel
D:10:     layout_loops_cross, grunt_dithmenos_smoke_and_mirrors, serial_bayou,
          serial_bayou_shore_b, serial_bayou_lagoon_a, serial_bayou_pond_a,
          serial_bayou_shore_b
D:11:     layout_basic, hiddenorc2_lemuel, portal_ice_cave_entry_imps
D:12:     layout_gridville, gauntlet_entry_generic, uniq_nessos, uniq_urug
D:13:     layout_small_grid, grunt_vaults_entry_fortified
D:14:     layout_irregular_city, hangedman_fish_farm, uniq_rupert
D:15:     grunt_enter_depths_giant_problem, layout_stronghold,
          minmay_misc_feat_square, cheibrodos_ashenzari_chains
Temple:   nicolae_temple_cloud_nine
Lair:1:   layout_concentric_octagons, grunt_megastairs_4, uniq_maggie
Lair:2:   regret_index_malice_mire, layout_concentric_octagons,
          minmay_swamp_entry_wisps, alex1729_snake_entry_snake,
          ebering_ghost_inner_flame, uniq_gastronok
Lair:3:   gammafunk_worm_tunnel, layout_long_grid
Lair:4:   layout_roguey, slime_entry_1
Lair:5:   gammafunk_lair_ancient_temple, layout_loops_ring, worms_lemuel,
          grunt_megastairs_3
Swamp:1:  layout_falls_marsh, nicolae_swamp_very_dense_foliage
Swamp:2:  layout_basic_swamp, nicolae_swamp_trees_clearing,
          nicolae_swamp_bloodsuckers_inc, infiniplex_staircase_pool,
          nicolae_swamp_decorative_isthmus
Swamp:3:  layout_basic_swamp, hangedman_swamp_ruin_wall
Swamp:4:  swamp_pestilence, layout_basic_swamp
Snake:1:  layout_onion_interference, minmay_shop_star, grunt_megastairs_2,
          uniq_aizul
Snake:2:  layout_misc_corridors, basic_altar, ebering_ghost_xom
Snake:3:  layout_cave_shapes, basic_altar
Snake:4:  hellmonk_snake_rune_quicksilver_temple, layout_rooms, serial_shops,
          shop, abandoned_shop, minmay_shop_grove
Orc:1:    layout_diamond_mine, special_room [special_room_kobold],
          sword_in_stone
Orc:2:    grunt_orc_community_town_hall, layout_caves,
          grunt_orc_community_big_house_1, grunt_orc_community_big_house_2,
          grunt_orc_community_house_1, grunt_orc_community_house_2,
          grunt_orc_community_house_1, grunt_orc_community_house_1,
          grunt_orc_community_house_3, grunt_orc_community_house_2, uniq_snorg
Elf:1:    eino_elf_arrival_sip, layout_loops_cross, serial_shops,
          nicolae_shop_trees, nicolae_diamond_shop, shop,
          hangedman_elf_represent, minmay_misc_feat_alley, feat_on_display
Elf:2:    elven_hall_of_blades_hangedman_original
          [nicolae_blade_entry_splitting_headache], layout_loops_ring,
          grunt_ministairs_15
Elf:3:    elf_hall, layout_geoelf_castle, basic_altar, serial_shops, shop,
          uniq_louise
Vaults:1: fort_yaktaur, nicolae_vaults_doubleplus_tesselated, v_misc_15,
          nicolae_vaults_tetromino_L_2, nicolae_vaults_closet_pinwheel_3,
          nicolae_vaults_specimen_jars, nicolae_vaults_asterisk, v_misc_14,
          nicolae_vaults_six-pack, nicolae_vaults_disjoint_gnomons,
          grunt_vaults_hallway_short, nicolae_vaults_trapezoid_4,
          layout_vaults_omnibox, uniq_norris
Vaults:2: nicolae_vaults_network_periphery, ontoclasm_vaults_gateway,
          grunt_vaults_funnel, hangedman_vaults_restitches,
          ontoclasm_vaults_twist, nicolae_vaults_storage_closets_2,
          ontoclasm_vaults_decontamination, layout_vaults_omnigrid,
          serial_shops, shop
Vaults:3: v_misc_17, nicolae_vaults_quartermaster,
          minmay_crypt_entry_simple_corners, v_misc_15,
          nicolae_vaults_turnstiles, nicolae_vaults_storage_closets_1,
          serial_library_hellmonk_open_cross, ontoclasm_vaults_hangar,
          v_alt_pattern_5, hangedman_vaults_maws, v_misc_8,
          vaults_standard_mumra_lines, vaults_room_pools,
          layout_vaults_omnicross, serial_shops,
          nicolae_shop_bloodbath_and_beyond
Vaults:4: nicolae_vaults_two_Ls, vaults_dpeg_spiral, nicolae_vaults_six-pack,
          ontoclasm_vaults_ring_large, nicolae_vaults_trapezoid_1, v_misc_29,
          nicolae_vaults_trapezoid_layered, v_misc_3,
          nicolae_vaults_offset_grid_hallway_3,
          nicolae_vaults_trapezoid_lopsided_1, hangedman_vaults_capsules,
          nicolae_vaults_shrinking_rooms_1, layout_vaults_maze_bifur, uniq_jory,
          uniq_boris
Vaults:5
Depths:1: layout_gridlike, hellmonk_ghost_time_enough, kennysheep_small_spiral,
          lightli_too_deep, nicolae_shop_gadgets, serial_bayou_shore_b,
          serial_bayou_shore_b, serial_bayou_shore_b, firewood_loft
Depths:2: minmay_guarded_unrand_majin_bo, layout_gridlike,
          rand_demon_pan_entry_7, abyss_entry, hellmouth_1,
          corexii_hall_statues_x, minmay_shoptagon, uniq_asterion,
          uniq_saint_roka, uniq_nikola
Depths:3: evilmike_library_of_no_secrets, layout_basic, enter_ziggurat_a,
          rand_demon_pan_entry_3, nicolae_triple_integral, serial_shops, shop,
          abyss_entry_crystal, hell_entry, minmay_misc_feat_x, uniq_mara
Depths:4: evilmike_zot_entry_basic, layout_cave_pools, enter_trove_0,
          grunt_pan_entry_in_and_out, nicolae_vehumet_radiance, hell_entry
Zot:1:    layout_cathedral_of_symmetry, grunt_megastairs_5, uniq_parghit
Zot:2:    layout_cellular_growth, regret_index_zotdec_obsidian_hm
Zot:3:    layout_gridville, hangedman_zot_decor_scrapings, uniq_grunn
Zot:4:    dreamdust_zin_vs_xom, layout_misc_corridors
Zot:5:    layout_basic, skrybe_zot_glass_2

Skill      XL: |  1  2  3  4  5  6  7  8  9 10 11 12 13 14 15 16 17 18 19 20 21 22 23 24 25 |
---------------+----------------------------------------------------------------------------+-----
Ranged Weapons | 2 3 4 6 7 9 11 13 14 16 17 19 20 | 20.0
Stealth        | 1 2 5 10 14 15 19 | 19.0
Hexes          | 4 5 7 8 |  8.0
Invocations    | 2 7 9 11 14 15 18 19 | 19.0
Armour         | 4 8 10 11 12 13 14 15 16 18 | 18.0
Fighting       | 5 7 9 10 11 13 14 16 18 19 | 19.0
Dodging        | 5 8 11 12 13 14 15 16 18 | 18.0
Evocations     | 5 8 10 12 13 15 16 | 16.7
Translocations | 3 5 8 |  8.0
Spellcasting   | 3 4 5 |  5.0
Necromancy     | 2 7 |  7.0
Fire Magic     | |  0.8

Action                     |  1- 3 |  4- 6 |  7- 9 | 10-12 | 13-15 | 16-18 | 19-21 | 22-24 | 25-27 || total
---------------------------+-------+-------+-------+-------+-------+-------+-------+-------+-------++-------
  Melee: Unarmed           |     1 |       |       |       |       |       |       |       |       ||     1
         Longbow           |       |       |       |       |     1 |       |       |       |       ||     1
   Fire: Sling             |    81 |   120 |       |       |       |       |       |       |       ||   201
         Arbalest          |     8 |   141 |   390 |   744 |   314 |       |       |       |       ||  1597
         Longbow           |       |       |       |       |   671 |  1255 |  1207 |  1348 |   310 ||  4791
  Throw: Dart              |       |       |       |     6 |     1 |       |     1 |       |       ||     8
   Cast: Jinxbite          |     9 |    19 |    18 |    17 |    10 |     1 |     2 |       |       ||    76
         Fugue of the Fall |       |       |       |       |       |       |       |    13 |     1 ||    14
         Dimensional Bulls |       |       |       |       |       |       |       |     3 |     5 ||     8
 Invoke: Wall of Briars    |       |       |     1 |     1 |       |     2 |     3 |     1 |       ||     8
         Grow Ballistomyce |       |       |       |     1 |     2 |     1 |     2 |     3 |       ||     9
         Overgrow          |       |       |       |       |     1 |     1 |     1 |     3 |     1 ||     7
         Grow Oklob        |       |       |       |       |       |       |       |     3 |       ||     3
  Evoke: Wand              |       |       |       |     4 |     3 |    10 |     2 |     2 |     1 ||    22
         Lightning rod     |       |       |       |       |     8 |     2 |     8 |       |       ||    18
         Phial of floods   |       |       |       |       |       |       |     1 |       |       ||     1
         Sack of spiders   |       |       |       |       |       |       |       |     1 |       ||     1
         Phantom mirror    |       |       |       |       |       |       |       |     1 |       ||     1
    Use: Scroll            |       |     6 |     8 |     8 |    17 |    13 |     3 |     7 |     4 ||    66
         Potion            |       |       |       |       |     1 |     2 |       |     8 |     1 ||    12
 Armour: Robe              |    24 |    29 |       |       |       |       |       |       |       ||    53
         Ring mail         |       |    93 |   262 |   507 |   675 |   567 |   456 |   679 |   106 ||  3345
  Dodge: Dodged            |    30 |    87 |   161 |   269 |   352 |   434 |   513 |   864 |   152 ||  2862

Table legend: (Time is in decaauts)
 A = Elapsed time spent in this place.
 B = Non-inter-level travel time spent in this place.
 C = Inter-level travel time spent in this place.
 D = Time resting spent in this place.
 E = Time spent auto-exploring this place.
 F = Levels seen in this place.
 G = Mean time per level.
                   A        B        C        D        E       F      G
               +--------+--------+--------+--------+--------+-----+--------+
         Total |  69405 |  62889 |   6516 |  13292 |  36470 |  51 | 1360.9 |
       Dungeon |  17133 |  14782 |   2351 |   1517 |   9830 |  15 | 1142.2 |
        Temple |      1 |      1 |      0 |      0 |      0 |   1 |    1.0 |
          Lair |   7814 |   6380 |   1434 |   1030 |   3693 |   5 | 1562.8 |
         Swamp |   3334 |   2970 |    364 |    619 |   1792 |   4 |  833.5 |
     Snake Pit |   4324 |   3928 |    396 |   1030 |   2081 |   4 | 1081.0 |
  Orcish Mines |   2173 |   2002 |    171 |    421 |   1089 |   2 | 1086.5 |
   Elven Halls |   5706 |   5434 |    272 |   1505 |   2916 |   3 | 1902.0 |
        Vaults |  10767 |  10164 |    603 |   2564 |   5598 |   5 | 2153.4 |
        Depths |   6320 |   5765 |    555 |   1364 |   3214 |   4 | 1580.0 |
           Zot |  10566 |  10198 |    368 |   3174 |   5529 |   5 | 2113.2 |
         Trove |    222 |    222 |      0 |      0 |    192 |   1 |  222.0 |
         Sewer |    603 |    603 |      0 |     14 |    386 |   1 |  603.0 |
      Gauntlet |    436 |    436 |      0 |     51 |    147 |   1 |  436.0 |
               +--------+--------+--------+--------+--------+-----+--------+

Top non-repeatable levels by time:
   Zot:5: 4250 daAuts
Vaults:5: 3253 daAuts
  Lair:2: 2868 daAuts
   Elf:3: 2811 daAuts
Vaults:1: 2464 daAuts
Depths:4: 2342 daAuts
Vaults:3: 2249 daAuts
   Zot:1: 1996 daAuts
   Zot:4: 1875 daAuts
    D:14: 1838 daAuts
  Lair:1: 1801 daAuts
Depths:2: 1680 daAuts
     D:3: 1621 daAuts
   Elf:2: 1516 daAuts
   Orc:2: 1507 daAuts
